 Dungeon Crawl Stone Soup version 0.28.0-53-g5a82cb258f (webtiles) character file.

Game seed: 11846276666998283564

69 Sin92 the Skirmisher (level 4, -3/35 HPs)
             Began as a Demonspawn Fighter on July 28, 2022.
             Slain by an iguana (7 damage)
             ... on level 2 of the Dungeon.
             The game lasted 00:02:51 (1595 turns).

Sin92 the Skirmisher (Demonspawn Fighter)           Turns: 1595, Time: 00:02:52

Health: -3/35      AC: 10    Str: 18    XL:     4   Next: 2%
Magic:  13/13      EV:  9    Int: 10    God:
Gold:   72         SH:  4    Dex: 12    Spells: 3/3 levels left

rFire   . . .      SeeInvis .   a - +0 war axe
rCold   . . .      Faith    .   c - +0 buckler
rNeg    . . .      Spirit   .   h - +3 scale mail of the Tormentor {+Inv Will- Regen+ MP+9}
rPois   .          Reflect  .   e - +0 helmet
rElec   .          Harm     .   (no cloak)
rCorr   .          Rampage  .   (no gloves)
Will    .....                   (no boots)
Stlth   ..........              (no amulet)
HPRegen 0.91/turn               (no ring)
MPRegen 0.13/turn               (no ring)

@: no status effects
A: demonic guardian 1
a: Evoke Invisibility


You were on level 2 of the Dungeon.
You visited 1 branch of the dungeon, and saw 2 of its levels.

You collected 72 gold pieces.

Inventory:

Hand Weapons
 a - a +0 war axe (weapon)
Armour
 b - a +1 scale mail
 c - a +0 buckler (worn)
 e - a +0 helmet (worn)
 h - the +3 scale mail of the Tormentor (worn) {+Inv Will- Regen+ MP+9}
   (You found it on level 2 of the Dungeon)

   MP:        It affects your magic capacity (+9).
   +Inv:      It lets you turn invisible.
   Regen:     It increases your rate of health regeneration.
   Will:      It decreases your willpower.
Scrolls
 f - a scroll of identify
 g - a scroll of teleportation
Potions
 d - a potion of might


   Skills:
 + Level 3.4 Fighting
 * Level 2.8 Axes
 + Level 3.1 Armour
 + Level 3.1 Shields


You had 3 spell levels left.
You didn't know any spells.
Your spell library was empty.

Dungeon Overview and Level Annotations

Branches:
Dungeon (2/15)

Altars:


Innate Abilities, Weirdness & Mutations

A weak demonic guardian rushes to your aid.


Message History

You miss the adder.
The adder is heavily wounded.
You feel very sick. The adder bites you.
You are more poisoned.
The adder poisons you! The adder barely misses you.
You hit the adder.
The adder is severely wounded.
You feel very sick. The adder misses you. You block the adder's attack.
You barely miss the adder.
The adder is severely wounded.
You feel very sick.
The adder bites you but does no damage. x2
You slash the adder!
You kill the adder!
You feel sick. You block the ball python's attack. The ball python grabs you.
The ball python constricts you.
You have reached level 4!
You feel clever.
You closely miss the ball python.
You feel sick. You block the ball python's attack.
The ball python constricts you.
* * * LOW HITPOINT WARNING * * *
You hit the ball python.
You kill the ball python!
You feel sick.
You slash the iguana!
The iguana is severely wounded.
You feel sick. The iguana bites you.
* * * LOW HITPOINT WARNING * * *
A demonic guardian appears!
The iguana closely misses you.
You barely miss the iguana.
The iguana is severely wounded.
You feel sick.
You are no longer poisoned.
You block the iguana's attack.
You hit the iguana but do no damage.
The iguana is severely wounded.
The iguana bites you!
You die...

#..##.# . #.....#.#
.####.....#.#
............#.#
......[.......#
..####......... #
##.#.#####
#...#####l#.###
#.....5@lK..(.#
#..######.#.#.## .#
...........## . #
......#.###.#####.#
##.######.#...#
#.......# .....###.#.#.#
#.#.##.##
#.........<##...##.##)#
#..##..........# #.##)#
#..#.......#######.##.##


You could see an iguana (ally target), a kobold, a frilled lizard and a friendly
quasit (summoned).

Vanquished Creatures
  4 adders (D:2)
  5 ball pythons
  5 bats
  2 endoplasms (D:1)
  A giant cockroach (D:1)
  2 hobgoblins (D:1)
  3 kobolds
  A quokka (D:1)
  5 goblins
  3 rats
31 creatures vanquished.

Vanquished Creatures (collateral kills)
  An endoplasm (D:1)
1 creature vanquished.

Grand Total: 32 creatures vanquished

Notes
Turn   | Place    | Note
-------+----------+-------------------------------------------
     0 | D:1      | Sin92 the Demonspawn Fighter began the quest for the Orb.
     0 | D:1      | Reached XP level 1. HP: 18/18 MP: 1/1
   156 | D:1      | Gained mutation: A weak demonic guardian rushes to your
                  | aid. [demonic ancestry]
   156 | D:1      | Reached XP level 2. HP: 22/24 MP: 2/2
   816 | D:1      | Reached XP level 3. HP: 29/29 MP: 3/3
  1420 | D:2      | Identified the +3 scale mail of the Tormentor {+Inv Will-
                  | Regen+ MP+9}
  1591 | D:2      | Reached XP level 4. HP: 9/35 MP: 4/4
  1595 | D:2      | Slain by an iguana

Illustrated notes

Levels and vault maps discovered:
D:1:      minmay_arrival_doors, layout_basic, serial_co_window_serial,
          co_window_paths_a, co_window_corner_a, co_window_paths_a,
          co_window_of_opportunity_a, co_window_paths_a, co_window_cross_1,
          co_window_corner_a, co_window_broadway_b, co_window_corner_b,
          co_window_broadway_c, co_window_sun, glass_columns_b,
          minmay_statues_item
D:2:      layout_loops_ring

Skill      XL: |  1  2  3 |
---------------+----------+-----
Axes           | 2 |  2.8
Armour         | 3 |  3.1
Shields        | 3 |  3.1
Fighting       | |  3.4

Action                   |  1- 3 |  4- 6 || total
-------------------------+-------+-------++-------
Melee: War axe           |    90 |     5 ||    95
  Use: Scroll            |     3 |       ||     3
Armor: Scale mail        |    57 |       ||    57
Dodge: Dodged            |    48 |     1 ||    49
Block: Buckler           |    31 |     2 ||    33
